 Dungeon Crawl Stone Soup version 0.21.1-1-g345015f (webtiles) character file.

65 letownia2 the Poker (level 4, 0/33 HPs)
             Began as a Merfolk Skald on Mar 12, 2018.
             Succumbed to letownia2's ghost's poison
             ... on level 3 of the Dungeon.
             The game lasted 00:04:23 (659 turns).

letownia2 the Poker (Merfolk Skald)                  Turns: 659, Time: 00:04:24

Health: 0/33       AC:  3    Str: 11    XL:     4   Next: 14%
Magic:  1/7        EV: 12    Int: 13    God:
Gold:   51         SH:  0    Dex: 13    Spells: 1/7 levels left

rFire    . . .     SeeInvis .   a - +0 spear
rCold    . . .     Gourm    .   (no shield)
rNeg     . . .     Faith    .   b - +0 leather armour
rPois    .         Spirit   .   (no helmet)
rElec    .         Reflect  .   (no cloak)
rCorr    .         Harm     .   (no gloves)
MR       .....                  (no boots)
Stlth    +.........             (no amulet)
HPRegen  0.11/turn              (no ring)
MPRegen  0.10/turn              (no ring)

@: lethally poisoned (0 -> -7)
A: change form in water, swift swim, stealthy swim
a: no special abilities


You were on level 3 of the Dungeon.
You were hungry.

You visited 1 branch of the dungeon, and saw 3 of its levels.

You collected 51 gold pieces.

Inventory:

Hand Weapons
 a - a +0 spear (weapon)
Missiles
 h - 22 sling bullets
Armour
 b - a +0 leather armour (worn)
 f - a cursed -2 ring mail
Scrolls
 g - a scroll of teleportation {unknown}
 i - a scroll of identify {unknown}
Potions
 e - a potion of might {unknown}
Books
 c - a book of Battle

   Spells                             Type                      Level
   a - Infusion                       Charms                       1
   b - Shroud of Golubria             Charms/Translocation         2
   c - Song of Slaying                Charms                       2
   d - Spectral Weapon                Hexes/Charms                 3
   e - Regeneration                   Charms/Necromancy            3
Comestibles
 d - 3 rations


   Skills:
 - Level 2.1 Fighting
 + Level 4.6 Polearms
 - Level 0.6 Armour
 - Level 2.6 Dodging
 - Level 2.0 Spellcasting
 - Level 1.0 Hexes
 + Level 4.0 Charms
 - Level 1.0 Translocations


You had one spell level left.
You knew the following spells:

 Your Spells              Type           Power        Failure   Level  Hunger
a - Infusion              Chrm           ##..         6%          1    ##.....
t - Shroud of Golubria    Chrm/Tloc      #.........   19%         2    ###....
x - Spectral Weapon       Hex/Chrm       #.......     34%         3    ####...


Dungeon Overview and Level Annotations

Branches:
Dungeon (3/15)

Altars:

Annotations:
D:3 letownia2's ghost, weakling MfSk


Message History

Aim: a jackal (moderately wounded)
You hit the jackal.
You kill the jackal!
Your Charms skill increases to level 4!
Your magical contamination has completely faded away.
Unknown command.
Unknown command.
You are no longer magically infusing your attacks.
Letownia2's ghost hits you.
* * * LOW HITPOINT WARNING * * *
You are lethally poisoned!
* * * LOW HITPOINT WARNING * * *
You feel sick.
* * * LOW HITPOINT WARNING * * *
You feel sick.
* * * LOW HITPOINT WARNING * * *
You feel sick.
* * * LOW HITPOINT WARNING * * *
You feel sick.
You die...

.#.################.#
....$.......h....##.#
##.#############.##.#
.?. #g##.# ### #h##.#
#.##.##########
#W##..........#
#.###########.#
#@###########.#
#.............#
###############


You could see letownia2's ghost, a jackal and a hobgoblin.

Vanquished Creatures
  3 adders
  An ooze (D:1)
  A dart slug (D:2)
  3 giant cockroaches (D:2)
  2 goblins
  4 hobgoblins
  4 jackals
  A kobold (D:2)
  A quokka (D:2)
  5 bats
  2 frilled lizards
  5 rats
32 creatures vanquished.

Notes
Turn   | Place    | Note
-------+----------+-------------------------------------------
     0 | D:1      | letownia2 the Merfolk Skald began the quest for the Orb.
     0 | D:1      | Reached XP level 1. HP: 16/16 MP: 3/3
    88 | D:1      | Reached XP level 2. HP: 10/22 MP: 0/5
   117 | D:1      | Learned a level 2 spell: Shroud of Golubria
   253 | D:2      | Reached skill level 1 in Translocations
   271 | D:2      | Reached XP level 3. HP: 13/27 MP: 1/6
   276 | D:2      | Learned a level 3 spell: Spectral Weapon
   427 | D:2      | Reached skill level 1 in Hexes
   561 | D:3      | Reached XP level 4. HP: 14/33 MP: 2/7
   637 | D:3      | Noticed letownia2's ghost (weakling MfSk)
   657 | D:3      | HP: 1/33 [poisoned by letownia2's ghost]
   659 | D:3      | Succumbed to letownia2's ghost's poison

Skill      XL: |  1  2  3  4 |
---------------+-------------+-----
Polearms       | 4 |  4.6
Translocations | 1 |  1.0
Hexes          | 1 |  1.0
Charms         | 4 |  4.0
Fighting       | |  2.1
Armour         | |  0.6
Dodging        | |  2.6
Spellcasting   | |  2.0

Action                   |  1- 3 |  4- 6 || total
-------------------------+-------+-------++-------
Melee: Spear             |   127 |    16 ||   143
 Cast: Infusion          |     6 |     1 ||     7
       Shroud of Golubri |    10 |     1 ||    11
Armor: Leather armour    |    20 |     5 ||    25
Dodge: Dodged            |    71 |     7 ||    78
